 Dungeon Crawl Stone Soup version 0.18-a0-1435-gee79d65 (webtiles) character file.

40320 M4edhros the Unseen (level 14, -3/90 HPs)
             Began as an Octopode Hunter on Feb 28, 2016.
             Was an Initiate of Gozag.
             Splashed by an oklob plant's acid (11 damage)
             ... on level 6 of the Lair of Beasts on Feb 29, 2016.
             The game lasted 01:07:48 (32302 turns).

M4edhros the Unseen (Octopode Hunter)              Turns: 32302, Time: 01:07:48

Health: -3/90      AC:  0    Str: 12    XL:     14   Next: 10%
Magic:  14/14      EV: 20    Int: 17    God:    Gozag
Gold:   941        SH:  7    Dex: 17    Spells: 3 memorised, 4 levels left

rFire  + + .     SeeInvis .     K - +9 rapier of Wemiecexzu {pain, *Drain rPois rF++ rN+}
rCold  . . .     Gourm    .     p - +0 buckler
rNeg   + + .     Faith    .     m - +2 hat
rPois  +         Spirit   .     (no amulet)
rElec  .         Dismiss  .     t - +4 ring of intelligence
rCorr  .         Reflect  .     u - ring of sustain attributes
SustAt +         Harm     .     I - ring of positive energy
MR     +....                    W - +3 ring of protection
Stlth  +++++++++.               X - ring of poison resistance
                                e - ring of wizardry
                                (no ring)
                                (no ring)

@: corroded equipment, gold aura, somewhat resistant to hostile enchantments,
incredibly stealthy
A: almost no armour, amphibious, 8 rings, constrict 8, thin metallic scales 1,
camouflage 1, gelatinous body 1
a: Potion Petition, Call Merchant, Bribe Branch, Renounce Religion


You were on level 6 of the Lair of Beasts.
You worshipped Gozag.
Gozag was noncommittal.
You were not hungry.

You visited 3 branches of the dungeon, and saw 19 of its levels.
You also visited: Bailey.

You collected 5539 gold pieces.
You spent 240 gold pieces at shops.
You paid 4257 gold pieces to Gozag.

Inventory:

Hand Weapons
 k - a +1 hunting sling of evasion
 x - a +4 short sword of speed
 z - the +11 long sword of the Mind {freeze, rN+ MP-9 Int+3 Dex+8, unknown}
   (You found it on level 2 of the Lair of Beasts)

   It has been specially enchanted to freeze those struck by it, causing extra
   injury to most foes and up to half again as much damage against particularly
   susceptible opponents.
   It can also slow down cold-blooded creatures.
   It affects your intelligence (+3).
   It affects your dexterity (+8).
   It protects you from negative energy.
   It affects your magic capacity (-9).
 K - the +9 rapier of Wemiecexzu (weapon) {pain, *Drain rPois rF++ rN+}
   (You found it on level 11 of the Dungeon)

   In the hands of one skilled in necromantic magic, it inflicts extra damage on
   living creatures.
   It greatly protects you from fire.
   It protects you from poison.
   It protects you from negative energy.
   It causes draining when unequipped.
Missiles
 c - 43 sling bullets
 g - 734 stones
 D - 29 tomahawks of returning (quivered)
 H - 8 curare-tipped needles
Armour
 m - a +2 hat (worn)
 p - a +0 buckler (worn)
Jewellery
 e - a ring of wizardry (on tentacle)
 t - a +4 ring of intelligence (left tentacle)
 u - a ring of sustain attributes (right tentacle)
 I - a ring of positive energy (on tentacle)
 W - a +3 ring of protection (on tentacle)
 X - a ring of poison resistance (on tentacle)
Wands
 a - a wand of random effects (21/48)
 f - a wand of digging (17/24)
 i - a wand of slowing (23/48)
 o - a wand of random effects (6/48)
 B - a wand of slowing (0/48)
 L - a wand of acid (1/15)
 T - a wand of heal wounds (4/9)
 U - a wand of random effects (27/48)
Scrolls
 b - a scroll of acquirement
 h - 4 scrolls of blinking
 n - a scroll of fog
 s - 3 scrolls of magic mapping
 y - a scroll of fear
 A - a scroll of summoning {unknown}
 N - 2 scrolls of enchant weapon
 Q - 2 scrolls of teleportation
Potions
 l - 3 potions of cure mutation
 q - a potion of heal wounds
 v - a potion of agility
 C - 3 potions of resistance
 E - 3 potions of brilliance
 J - a potion of flight
 Z - a potion of might
Books
 w - a book of Geomancy

   Spells                             Type                      Level
   a - Sandblast                      Earth                        1
   b - Passwall                       Transmutation/Earth          2
   c - Stone Arrow                    Conjuration/Earth            3
   d - Petrify                        Transmutation/Earth          4
   e - Lee's Rapid Deconstruction     Earth                        5
Miscellaneous
 j - a lamp of fire
 G - a stone of tremors
Comestibles
 d - 4 bread rations
 r - 20 fruits
 M - 2 meat rations


   Skills:
 + Level 6.6 Fighting
 - Level 7.8 Short Blades
 - Level 11.1 Slings
 + Level 11.2 Dodging
 - Level 17.1 Stealth
 + Level 9.5 Shields


You had 4 spell levels left.
You knew the following spells:

 Your Spells              Type           Power        Failure   Level  Hunger
a - Fulminant Prism       Conj/Hex       #.........   89%         4    #####..
b - Dazzling Spray        Conj/Hex       #.......     38%         3    ####...
c - Searing Ray           Conj           #.....       14%         2    ###....


Dungeon Overview and Level Annotations

Branches:
Dungeon (12/15)            Temple (1/1) D:7            Lair (6/8) D:11
  Swamp (0/4) Lair:6        Snake (0/4) Lair:4        Slime (0/6) Lair:6
    Orc (0/2) D:10

Altars:
Ashenzari
Cheibriados
Dithmenos
Elyvilon
Fedhas
Gozag
Kikubaaqudgha
Makhleb
Nemelex Xobeh
Okawaru
Pakellas
Qazlal
Ru
Sif Muna
Trog
Vehumet
Xom
Yredelemnul
Zin
The Shining One

Shops:
D:7 :   D:8 }%(   D:11 [   Lair:2 %   Lair:4 %

Annotations:
D:11 Erolcha
Lair:6 exclusion: oklob plant


Innate Abilities, Weirdness & Mutations

You cannot wear most types of armour.
You are amphibious.
You can wear up to eight rings at the same time.
You can use your tentacles to constrict eight enemies at once.
Your skin changes colour to match your surroundings (Stealth).
Your rubbery body absorbs attacks (AC +1).
You are partially covered in thin metallic scales (AC +2).


Message History

You puncture the oklob plant!
The oklob plant is heavily damaged.
The wall burns you!
You constrict the oklob plant. You hit the oklob plant.
The oklob plant is heavily damaged.
The wall burns you!
You constrict the oklob plant. The oklob plant spits acid at you.
The splash of acid hits you! The acid corrodes you!
The acid burns!
* * * LOW HITPOINT WARNING * * *
You are too injured to fight recklessly!
Drink which item? (? for menu, Esc to quit)
You feel better. The wall burns you!
* * * LOW HITPOINT WARNING * * *
You constrict the oklob plant, but do no damage.
The oklob plant spits acid at you. The splash of acid hits you!
* * * LOW HITPOINT WARNING * * *
The acid corrodes you!
The acid burns!
You die...
Your body crumbles into a pile of gold.

########## ..#
#####......#.#
...#
###............###
..P#
#P@.......#......#
....#
#...(...##.#....##
..#.#
#..>....###.....##
...)#
#.#....####......#
....P ##..####
##......# .....
### ###.....###
..... ##......##
..## ##....####
.## #.....#


You could see an oklob plant.

Vanquished Creatures
  Gastronok (Lair:2)
  A hydra (Lair:5)
  3 hill giants
  A griffon (Lair:4)
  2 oklob plants
  5 elephants
  3 centaur zombies
  7 spiny frogs
  An ice statue (Lair:3)
  5 black mambas
  4 komodo dragons
  2 rime drakes
  A freezing wraith (Lair:3)
  Grinder (D:6)
  2 trolls
  4 polar bears
  Prince Ribbit (D:8)
  A two-headed ogre (D:10)
  12 blink frogs
  A shadow (D:11)
  36 yaks
  2 basilisks
  A wyvern (D:9)
  13 hippogriffs
  2 wraiths
  A hungry ghost (D:9)
  2 fire bats (Lair:1)
  A steam dragon (Lair:4)
  4 wolves
  Menkaure (D:7)
  3 nagas (Lair:4)
  Duvessa (D:4)
  11 water moccasins
  16 porcupines
  4 sky beasts
  9 orc warriors
  2 black bears (D:8)
  12 ice beasts
  A wasp (D:10)
  2 necrophages
  5 ogres
  3 phantoms
  10 crocodiles
  5 centaurs
  Blork the orc (D:6)
  2 big kobolds
  2 gnoll sergeants
  19 giant frogs
  Dowan (D:4)
  7 scorpions
  3 killer bees (D:8)
  16 wights
  An electric eel (Lair:6)
  4 howler monkeys
  A wasp zombie (D:7)
  A quasit (D:10)
  3 crimson imps
  10 hounds
  5 jellies
  7 orc priests
  3 centaur skeletons
  11 iguanas
  18 orc wizards
  7 worker ants
  20 sheep
  A killer bee zombie (D:6)
  A hound zombie (D:6)
  2 hound skeletons
  A worker ant zombie (D:5)
  Robin (D:3)
  13 gnolls
  17 adders
  48 river rats
  2 shadow imps
  2 white imps (Lair:3)
  An adder zombie (D:5)
  A dart slug (D:1)
  5 worms
  9 giant geckos
  47 orcs
  2 ball pythons
  8 giant cockroaches
  22 goblins
  15 hobgoblins
  10 jackals
  42 kobolds
  A quokka (D:8)
  8 bats
  A giant newt (D:3)
  A quokka skeleton (D:4)
  5 rats
  3 plants (D:4)
616 creatures vanquished.

Vanquished Creatures (collateral kills)
  An ugly thing (D:11)
1 creature vanquished.

Vanquished Creatures (others)
  An orc warrior (D:7)
  A hound (D:7)
  An adder (D:7)
  A kobold (D:4)
  4 fungi
  6 plants
14 creatures vanquished.

Grand Total: 631 creatures vanquished

Notes
Turn   | Place    | Note
--------------------------------------------------------------
     0 | D:1      | M4edhros the Octopode Hunter began the quest for the Orb.
     0 | D:1      | Reached XP level 1. HP: 14/14 MP: 1/1
   193 | D:1      | Reached XP level 2. HP: 19/19 MP: 2/2
   300 | D:1      | Found a sparkling altar of Nemelex Xobeh.
   783 | D:1      | Reached XP level 3. HP: 24/24 MP: 3/3
  1273 | D:2      | Reached XP level 4. HP: 26/29 MP: 4/4
  1575 | D:2      | Reached skill level 5 in Slings
  1729 | D:3      | Reached XP level 5. HP: 34/34 MP: 5/5
  2026 | D:3      | Noticed Robin
  2120 | D:4      | Reached XP level 6. HP: 11/39 MP: 6/6
  2141 | D:5      | Entered Level 5 of the Dungeon
  2535 | D:5      | Found a deep blue altar of Sif Muna.
  3062 | D:5      | Found a burning altar of Makhleb.
  3062 | D:5      | Noticed a balrug
  3143 | D:4      | Reached skill level 5 in Dodging
  3160 | D:4      | Reached XP level 7. HP: 42/45 MP: 7/7
  3324 | D:4      | Noticed Dowan
  3325 | D:4      | Noticed Duvessa
  3331 | D:4      | Killed Duvessa
  3349 | D:4      | Killed Dowan
  3658 | D:4      | Found a shattered altar of Ashenzari.
  4164 | D:6      | Reached XP level 8. HP: 44/50 MP: 8/8
  4246 | D:6      | Found a glowing golden altar of the Shining One.
  4305 | D:6      | Noticed Blork the orc
  4544 | D:6      | Found a radiant altar of Vehumet.
  4707 | D:6      | Killed Blork the orc
  4945 | D:6      | Noticed Grinder
  4963 | D:6      | Killed Grinder
  5462 | D:7      | Found a staircase to the Ecumenical Temple.
  5475 | Temple   | Entered the Ecumenical Temple
  5715 | Temple   | Became a worshipper of Gozag Ym Sagoz the Greedy
  5844 | D:3      | Killed Robin
  6454 | D:4      | Reached XP level 9. HP: 37/54 MP: 9/9
  6688 | D:7      | Noticed Menkaure
  6691 | D:7      | Killed Menkaure
  7074 | D:7      | Found a bloodstained altar of Trog.
  7377 | D:7      | Found Zaolakei's Book Emporium.
  7600 | D:7      | HP: 2/54 [orc/flail (8)]
  7933 | D:7      | Found a shimmering altar of Xom.
  8179 | D:7      | Reached skill level 10 in Slings
  8765 | D:7      | Reached skill level 1 in Shields
  9110 | D:8      | Reached XP level 10. HP: 37/60 MP: 10/10
  9423 | D:8      | Noticed Prince Ribbit
  9427 | D:8      | Reached skill level 10 in Dodging
  9436 | D:8      | Killed Prince Ribbit
  9461 | D:8      | Found Uphiul's Gadget Emporium.
 10310 | D:8      | Found a white marble altar of Elyvilon.
 10930 | D:9      | Reached skill level 1 in Short Blades
 11530 | D:10     | Entered Level 10 of the Dungeon
 11683 | D:10     | Noticed a hill giant
 12220 | D:9      | Reached skill level 5 in Shields
 13070 | D:9      | Reached XP level 11. HP: 33/64 MP: 11/11
 14388 | D:10     | Found a staircase to the Orcish Mines.
 14777 | D:10     | Reached skill level 5 in Short Blades
 16540 | D:11     | Found a flagged portal.
 16553 | D:11     | Noticed Erolcha
 16562 | D:11     | Noticed a red ugly thing
 16656 | Bailey   | Entered a bailey
 17013 | Bailey   | Found a burning altar of Makhleb.
 17295 | D:11     | Noticed a hill giant
 17315 | D:11     | Killed a hill giant
 17537 | D:11     | Noticed a hill giant
 17551 | D:11     | Killed a hill giant
 17627 | D:11     | Got an ancient rapier
 17628 | D:11     | Identified the +9 rapier of Wemiecexzu {pain, *Drain rPois rF++ rN+} (You found it on level 11 of the Dungeon)
 17670 | D:11     | Noticed an oklob plant
 17717 | D:11     | Found a staircase to the Lair.
 17734 | D:11     | HP: 1/68 [something (35)]
 18188 | D:11     | Killed a red ugly thing
 18188 | D:11     | Reached skill level 2 in Stealth
 18505 | D:11     | Reached XP level 12. HP: 33/75 MP: 12/12
 18712 | D:11     | Reached skill level 3 in Stealth
 19060 | D:10     | Reached skill level 5 in Fighting
 19714 | D:11     | Reached skill level 4 in Stealth
 20706 | Lair:1   | Entered Level 1 of the Lair of Beasts
 20899 | Lair:1   | Reached skill level 5 in Stealth
 20934 | Lair:1   | Reached skill level 6 in Stealth
 21163 | Lair:1   | Reached skill level 7 in Stealth
 21545 | Lair:2   | Learned a level 4 spell: Fulminant Prism
 21549 | Lair:2   | Learned a level 3 spell: Dazzling Spray
 21552 | Lair:2   | Learned a level 2 spell: Searing Ray
 21732 | Lair:2   | Reached skill level 8 in Stealth
 21849 | Lair:2   | Noticed Gastronok
 22065 | Lair:2   | Reached skill level 9 in Stealth
 22555 | Lair:2   | Killed Gastronok
 22555 | Lair:2   | Reached skill level 10 in Stealth
 22639 | Lair:3   | Reached skill level 11 in Stealth
 23530 | Lair:3   | Reached skill level 12 in Stealth
 23986 | Lair:3   | Reached XP level 13. HP: 72/82 MP: 13/13
 24245 | Lair:3   | Got a glittering iron ring
 24246 | Lair:3   | Identified the ring of Scepticism {*Tele SInv} (You found it on level 3 of the Lair of Beasts)
 24260 | Lair:3   | Got a polished hand axe
 24261 | Lair:3   | Identified the +6 hand axe of Peace {freeze, MR+} (You found it on level 3 of the Lair of Beasts)
 24274 | Lair:3   | Gained mutation: You evolve. [helix card]
 24276 | Lair:3   | Lost mutation: You evolve. [helix card]
 24278 | Lair:3   | Hired Risosehe the big kobold for 101 gold.
 24416 | Lair:4   | Reached skill level 13 in Stealth
 24582 | Lair:4   | Found an oddly glowing altar of Pakellas.
 25268 | Lair:4   | Reached skill level 14 in Stealth
 25387 | Lair:4   | Found a staircase to the Snake Pit.
 26340 | Lair:3   | Reached skill level 15 in Stealth
 27556 | Lair:4   | Reached skill level 16 in Stealth
 27640 | Lair:4   | Bought a meat ration for 60 gold pieces
 27640 | Lair:4   | Bought a meat ration for 60 gold pieces
 27640 | Lair:4   | Bought a meat ration for 60 gold pieces
 27640 | Lair:4   | Bought a bread ration for 60 gold pieces
 28551 | Lair:5   | Reached skill level 17 in Stealth
 28839 | Lair:5   | HP: 4/82 [komodo dragon (26)]
 28921 | Lair:5   | HP: 1/82 [komodo dragon (22)]
 29403 | Lair:5   | Gained mutation: You are partially covered in thin metallic scales (AC +2). [potion of beneficial mutation]
 30329 | Lair:6   | Found a staircase to the Swamp.
 31102 | Lair:5   | Reached XP level 14. HP: 29/90 MP: 14/14
 31486 | Lair:6   | Identified a scroll of acquirement
 31690 | Lair:2   | Got a shimmering long sword
 32287 | Lair:6   | Found a staircase to the Slime Pits.
 32302 | Lair:6   | Splashed by an oklob plant's acid

Vault maps used:
D:1:      co_arrival_random_square_maze, nemelex_diamond_rough_becter
D:3:      uniq_robin
D:4:      kennysheep_kobold_camp, ashenzari_conservatory_becter, first_bread,
          uniq_duvessa
D:5:      nicolae_overflow_hidden_temple, makhleb_altar_promises_db,
          due_unseen_surprise
D:6:      overflow_temple_1_default, old_standard_altar, uniq_grinder,
          uniq_blork_the_orc
D:7:      bloody_trog, xom_confusion_cloud, minmay_temple_entry_statues_pillars,
          serial_shops, shop, uniq_menkaure
D:8:      old_standard_altar, serial_shops, shop, uniq_prince_ribbit1
D:10:     erik_orc_3
D:11:     dpeg_oklobed_lair, enter_bailey_1, uniq_erolcha
Temple:   circular_temple_pool_12
Lair:2:   beast_lair_carwin_7, lemuel_fruit_fields, uniq_gastronok
Lair:3:   ice2_lemuel, serial_bayou_shore_a, bh_autumn_forest_stairs,
          lemuel_fruit_fields
Lair:4:   guppyfry_snake_entry_island, basic_altar, beast_lair_carwin_10,
          grunt_megastairs_3
Lair:6:   swamp_mist, minmay_slime_entry_oklob_enclosed, columned_hall_lemuel,
          nicolae_quartered_pool_super, grunt_megastairs_4
Bailey:   bailey_axe_3, bailey

Skill      XL: |  1  2  3  4  5  6  7  8  9 10 11 12 13 |
---------------+----------------------------------------+-----
Dodging        | 3 4 5 6 8 9 10 11 | 11.2
Slings         | 5 6 7 8 10 11 | 11.1
Shields        | 2 5 8 9 |  9.5
Short Blades   | 3 7 |  7.8
Fighting       | 4 5 6 |  6.6
Stealth        | 2 12 17 | 17.1

Action                   |  1- 3 |  4- 6 |  7- 9 | 10-12 | 13-15 || total
-------------------------+-------+-------+-------+-------+-------++-------
Melee: Short sword       |       |    77 |   465 |   732 |       ||  1274
       Rapier            |       |       |       |   380 |   636 ||  1016
 Fire: Hunting sling     |    87 |   103 |       |    48 |       ||   238
Throw: Tomahawk          |       |       |       |   118 |    96 ||   214
Invok: Call Merchant     |       |       |       |     4 |     1 ||     5
Evoke: Wand              |       |       |       |    13 |     8 ||    21
       Stone of tremors  |       |       |       |     1 |       ||     1
       Lamp of fire      |       |       |       |     1 |       ||     1
       Deck              |       |       |       |       |    11 ||    11
  Use: Potion            |       |     6 |    10 |    10 |     8 ||    34
       Scroll            |       |     1 |       |    19 |     9 ||    29
 Stab: Sleeping          |       |       |    12 |    29 |    44 ||    85
       Distracted        |       |       |     4 |     9 |     2 ||    15
  Eat: Beef jerky        |       |     1 |       |     2 |     2 ||     5
       Chunk             |       |     4 |     8 |       |       ||    12
       Meat ration       |       |       |     2 |     4 |     2 ||     8
       Pizza             |       |       |     1 |       |     1 ||     2
       Bread ration      |       |       |       |     6 |     3 ||     9
       Fruit             |       |       |       |     1 |       ||     1
       Royal jelly       |       |       |       |     1 |       ||     1
